 Dungeon Crawl Stone Soup version 0.31-a0-233-g139696dc86 (webtiles) character file.

Game seed: 2112977080528992314

123 qw the Shooter (level 4, 0/37 HPs)
             Began as a Minotaur Hexslinger on July 8, 2023.
             Succumbed to Robin's poison
             ... on level 2 of the Dungeon.
             The game lasted 00:00:40 (1108 turns).

qw the Shooter (Minotaur Hexslinger)                Turns: 1108, Time: 00:00:40

Health: 0/37       AC:  7    Str: 13    XL:     4   Next: 79%
Magic:  4/4        EV: 12    Int: 10    God:
Gold:   37         SH:  0    Dex: 14    Spells: 4/5 levels left

rFire   . . .        Y - +1 sling
rCold   . . .        (no shield)
rNeg    . . .        g - +0 leather armour
rPois   .            (helmet restricted)
rElec   .            (no cloak)
rCorr   .            (no gloves)
SInv    .            (no boots)
Will    .....        (no amulet)
Stlth   +            i - +4 ring of protection
HPRegen 0.26/turn    (no ring)
MPRegen 0.09/turn

%: no passive effects
@: lethally poisoned (0 -> -18), about to teleport
A: horns 2, retaliatory headbutt
a: no special abilities


You were on level 2 of the Dungeon.
You visited 1 branch of the dungeon, and saw 2 of its levels.

You collected 79 gold pieces.
You spent 42 gold pieces at shops.


Innate Abilities, Weirdness & Mutations

You have a pair of horns on your head.
You reflexively headbutt those who attack you in melee.


   Skills:
 + Level 2.9 Fighting
 - Level 5.0 Ranged Weapons
 - Level 2.1 Dodging
 - Level 1.0 Spellcasting
 - Level 2.0 Hexes


You had 4 spell levels left.
You knew the following spells:

 Your Spells              Type           Power      Damage    Failure   Level
a - Slow                  Hex            16%        N/A       19%         1

Your spell library contained the following spells:

 Spells                   Type           Power      Damage    Failure   Level
 Inner Flame              Hex/Fire       2%         N/A       65%         3
 Portal Projectile        Hex/Tloc       4%         N/A       65%         3
 Cause Fear               Hex            2%         N/A       88%         4

Inventory:

Hand Weapons
 Y - a +1 sling (weapon)
Armour
 g - a +0 leather armour (worn)
Jewellery
 i - a +4 ring of protection (left hand)
Scrolls
 c - a scroll of identify {unknown}
Potions
 b - a potion of magic {unknown}
 d - a potion of degeneration {unknown}
 j - a potion of curing

Dungeon Overview and Level Annotations

Branches:
Dungeon (2/15)

Altars:

Shops:
D:1 !

Annotations:
D:2 Robin


Message History

You furiously retaliate!
You headbutt the goblin.
You kill the goblin!
You shoot a sling bullet. The sling bullet hits the goblin.
You kill the goblin!
Robin hits you from afar with a +4 spear of venom.
You shoot a sling bullet.
The sling bullet closely misses the hobgoblin.
The sling bullet hits the hobgoblin.
The hobgoblin is heavily wounded.
Robin hits you from afar with a +4 spear of venom.
You are poisoned.
A hobgoblin comes into view.
The hobgoblin closely misses you.
You shoot a sling bullet. The sling bullet hits the hobgoblin.
The hobgoblin is heavily wounded.
You feel very sick.
The hobgoblin no longer looks unusually strong.
Robin hits you from afar with a +4 spear of venom.
You are more poisoned.
The hobgoblin hits you but does no damage.
You shoot a sling bullet. The sling bullet hits the hobgoblin.
You kill the hobgoblin!
You feel very sick. Robin throws the goblin at you!
The goblin hits you with a +0 club.
You shoot a sling bullet.
The sling bullet closely misses the hobgoblin.
The sling bullet hits the hobgoblin.
The hobgoblin is heavily wounded.
You feel very sick.
The goblin no longer looks unusually strong.
Robin points. "Kill!"
The hobgoblin hits you but does no damage.
The goblin barely misses you. The goblin hits you but does no damage.
Robin hits you from afar with a +4 spear of venom.
You are more poisoned.
The hobgoblin hits you.
1108 ||| READING scroll of teleportation.
As you read the scroll of teleportation, it crumbles to dust.
You feel strangely unstable.
You die...

#..............
#.####..#......
#. #.........
#.#####........
...# #.##....#
#..# #.##...)#
..# #........
.###########.#
####.....
)).gggg@g.##.####
#.....
...#gg###.......#
#..... #.
##......###.....
..
#.......##.....
##
.................
##...##..##......
##.......#......
#.###.....##.#.
#......%.......


You could see Robin, 3 hobgoblins and 3 goblins.

Vanquished Creatures
  Jessica (D:2)
  A gnoll (D:1)
  An adder (D:2)
  3 dart slugs
  4 ball pythons
  A bat (D:1)
  6 endoplasms
  2 giant cockroaches
  13 goblins
  6 hobgoblins
  10 jackals
  2 quokkas
  6 frilled lizards
  4 kobolds
  A rat (D:1)
61 creatures vanquished.

Notes
Turn   | Place    | Note
-------+----------+-------------------------------------------
     0 | D:1      | qw the Minotaur Hexslinger began the quest for the Orb.
     0 | D:1      | Reached XP level 1. HP: 16/16 MP: 1/1
     0 | D:1      | 0 ||| qw: Version: 0.3-a-46-gb1f654a
     0 | D:1      | 0 ||| qw: Game counter: 3635
     0 | D:1      | 0 ||| qw: Melee chars always use a shield: true
     0 | D:1      | 0 ||| qw: God list: Okawaru
     0 | D:1      | 0 ||| qw: Allow faded altars: false
     0 | D:1      | 0 ||| qw: Do Orc after clearing Dungeon:15 true
     0 | D:1      | 0 ||| qw: Do second Lair branch before Depths: true
     0 | D:1      | 0 ||| qw: Lair rune preference: random
     0 | D:1      | 0 ||| qw: Goals: Normal
     0 | D:1      | 0 ||| PLANNING D:1-11
    39 | D:1      | HP: 3/16 [kobold/+0 short sword (4)]
   118 | D:1      | 118 ||| FLEEEEING.
   129 | D:1      | 129 ||| FLEEEEING.
   180 | D:1      | Reached skill level 3 in Ranged Weapons
   180 | D:1      | Reached XP level 2. HP: 15/23 MP: 2/2
   379 | D:1      | Reached XP level 3. HP: 14/29 MP: 3/3
   535 | D:1      | Reached skill level 4 in Ranged Weapons
   574 | D:1      | Found Umeodaec's Distillery.
   582 | D:1      | 582 ||| SHOPLISTING 2 potions of curing (84 gold, have 47).
   582 | D:1      | 582 ||| SHOPLISTING 2 potions of heal wounds (140 gold,
                  | have 47).
   582 | D:1      | 582 ||| SHOPLISTING potion of cancellation (112 gold, have
                  | 47).
   582 | D:1      | 582 ||| BUYING potion of curing (42 gold).
   582 | D:1      | Bought a potion of curing for 42 gold pieces
   582 | D:1      | 582 ||| SHOPLISTING potion of curing (42 gold, have 5).
   582 | D:1      | 582 ||| SHOPLISTING potion of resistance (140 gold, have
                  | 5).
   853 | D:1      | 853 ||| UPGRADING to +0 leather armour.
   863 | D:1      | 863 ||| DROPPING +0 robe.
   864 | D:1      | 864 ||| UPGRADING to +4 ring of protection.
   865 | D:1      | 865 ||| READING scroll labelled WEOROE KEHOC.
   870 | D:1      | 870 ||| READING scroll labelled JUKETO URUSAO.
   871 | D:1      | 871 ||| DRINKING 2 grey potions.
   872 | D:1      | 872 ||| DROPPING scroll of poison.
   873 | D:1      | 873 ||| DROPPING potion of brilliance.
   884 | D:2      | Noticed Jessica
   889 | D:2      | 889 ||| STAIRDANCE
   911 | D:2      | 911 ||| STAIRDANCE
   925 | D:2      | Killed Jessica
   926 | D:2      | Reached XP level 4. HP: 34/36 MP: 4/4
  1002 | D:2      | Reached skill level 5 in Ranged Weapons
  1092 | D:2      | Noticed Robin
  1107 | D:2      | HP: 8/37 [Robin/+4 spear of venom (2)]
  1108 | D:2      | 1108 ||| READING scroll of teleportation.
  1108 | D:2      | Succumbed to Robin's poison

Levels and vault maps discovered:
D:1:      enne_arrival_octagon_isle, layout_basic, serial_shops, shop_fountains,
          corexii_corridor_pit, minmay_octomino_j4
D:2:      layout_rooms, minmay_goblin_outpost, uniq_jessica, uniq_robin

Skill      XL: |  1  2  3  4 |
---------------+-------------+-----
Ranged Weapons | 3 4 5 |  5.0
Fighting       | 2 |  2.9
Dodging        | |  2.1
Spellcasting   | |  1.0
Hexes          | |  2.0

Action                     |  1- 3 |  4- 6 || total
---------------------------+-------+-------++-------
   Fire: Sling             |   120 |    51 ||   171
    Use: Scroll            |     2 |     1 ||     3
         Potion            |     1 |       ||     1
 Armour: Robe              |     7 |       ||     7
         Leather armour    |     6 |    16 ||    22
  Dodge: Dodged            |    36 |    18 ||    54

Table legend:
 A = Non-vault XP
 B = Vault XP
 C = Vault XP percentage of total XP
 D = Non-vault monster count
 E = Vault monster count
 F = Vault count percentage of total count
                 A         B        C        D         E       F
            +---------+---------+-------+---------+---------+-------
      Total |     109 |      67 |  38.1 |      45 |      16 |  26.2
            +---------+---------+-------+---------+---------+-------
        D:1 |      72 |       8 |  10.0 |      32 |       4 |  11.1
        D:2 |      37 |      59 |  61.5 |      13 |      12 |  48.0
            +---------+---------+-------+---------+---------+-------
